 Dungeon Crawl Stone Soup version 0.31-a0-1111-ga3525b893c (webtiles) character file.

Game seed: 10726114637540477818

368 night the Shooter (level 6, -8/51 HPs)
             Began as a Demigod Hunter on Dec 3, 2023.
             Mangled by an ogre
             ... wielding a +0 giant club
              (37 damage)
             ... on level 5 of the Dungeon.
             The game lasted 00:06:28 (3209 turns).

night the Shooter (Demigod Hunter)                  Turns: 3209, Time: 00:06:29

Health: -8/51      AC:  4    Str: 12    XL:     6   Next: 17%
Magic:  8/8        EV: 14    Int: 11    God:
Gold:   221        SH:  0    Dex: 25    Spells: 5/5 levels left

rFire   . . .        a - +1 shortbow (elec)
rCold   + . .        (shield currently unavailable)
rNeg    . . .        c - +0 leather armour
rPois   .            (no helmet)
rElec   .            (no cloak)
rCorr   .            r - +0 pair of gloves
SInv    .            (no boots)
Will    .....        (no amulet)
Stlth   +++          h - ring of protection from cold
HPRegen 0.28/turn    (no ring)
MPRegen 0.11/turn

%: no passive effects
@: no status effects
A: high MP 1, forlorn, divine attributes
a: no special abilities


You were on level 5 of the Dungeon.
You visited 1 branch of the dungeon, and saw 5 of its levels.

You collected 221 gold pieces.

Inventory:

Hand Weapons
 a - a +1 shortbow of electrocution (weapon)
 q - a +0 short sword of venom
Missiles
 e - 58 stones
 w - 2 boomerangs
 D - 5 poisoned darts
Armour
 c - a +0 leather armour (worn)
 r - a +0 pair of gloves (worn)
 B - a scarf of invisibility
Jewellery
 d - a ring of fire
 h - a ring of protection from cold (left hand)
Wands
 v - a wand of charming (10)
 y - a wand of mindburst (11)
Scrolls
 b - a scroll of butterflies
 f - a scroll of noise
 g - a scroll of torment
 j - a scroll of blinking
 l - a scroll of fog
 x - 3 scrolls of revelation
Potions
 i - a potion of brilliance {unknown}
 m - a potion of curing {unknown}
 o - a potion of mutation {unknown}
 p - a potion of might {unknown}
 s - a potion of heal wounds {unknown}
 t - 3 potions of haste {unknown}
 u - a potion of resistance {unknown}
 C - 2 potions of magic {unknown}
 F - a potion of invisibility {unknown}


   Skills:
 + Level 3.2 Fighting
 * Level 5.2 Ranged Weapons
 + Level 3.2 Dodging
 + Level 2.8 Stealth


You had 5 spell levels left.
You didn't know any spells.
Your spell library contained the following spells:

 Spells                   Type           Power      Damage    Failure   Level
 Apportation              Tloc           0%         N/A       41%         1
 Foxfire                  Conj/Fire      0%         2x1d4     41%         1
 Necrotise                Necr           0%         1d4       41%         1
 Summon Small Mammal      Summ           0%         N/A       41%         1
 Wereblood                Tmut           0%         N/A       56%         2
 Irradiate                Conj/Tmut      0%         3d11      100%        5
 Plasma Beam              Fire/Air       0%         2x1d10    100%        6
 Starburst                Conj/Fire      0%         6d3       100%        6


Dungeon Overview and Level Annotations

Branches:
Dungeon (5/15)
 Temple: D:4-7


Innate Abilities, Weirdness & Mutations

You have an increased reservoir of magic. (+10% MP)
You shall have no god before yourself.
Your divine heritage dramatically boosts your attributes as you level up.


Message History

Your hearing returns.
You see here a +0 robe.
Done exploring.
As you read the scroll labelled WUOPUODEXO, it crumbles to dust.
It is a scroll of enchant weapon.
Your +0 shortbow glows red for a moment.
As you read the scroll labelled QUOKKYN YFECK, it crumbles to dust.
It is a scroll of brand weapon.
Your +1 shortbow crackles with electricity.
a - a +1 shortbow of electrocution (weapon)
As you read the scroll labelled SOULIR MACEFUDI, it crumbles to dust.
You assume a fearsome visage.
Nothing appears to happen.
It was a scroll of fear.
What level of the Dungeon? (default 2, ? - help)
There is a stone staircase leading down here.
You climb downwards.
Found a pair of boots.
There is a stone staircase leading up here.
An ogre is nearby!
You shoot an arrow. The arrow hits the ogre!
The ogre shouts!
The ogre is heavily wounded.
You shoot an arrow.
The arrow hits the ogre but does no damage.
The ogre is heavily wounded.
The ogre hits you with a +0 giant club!!
You shoot an arrow. The arrow barely misses the ogre.
You hear a bark!
A hound comes into view.
The ogre barely misses you.
You shoot an arrow. The arrow hits the ogre!
The ogre is severely wounded.
You shoot an arrow. The arrow hits the ogre.
The ogre is severely wounded.
The ogre closely misses you.
You shoot an arrow. The arrow hits the ogre.
The ogre is almost dead.
The ogre hits you with a +0 giant club!!!
Ouch! That really hurt!
You die...

#.#
#.#
#.#
#.#
#.#
#.#
#[#
#@#
#O#
.h#
####


You could see an ogre and a hound.

Vanquished Creatures
  A scorpion (D:3)
  A jelly (D:4)
  Jessica (D:3)
  Ijyb (D:3)
  Terence (D:3)
  3 gnolls
  7 adders
  2 worms
  2 dart slugs
  An orc (D:4)
  7 ball pythons
  6 endoplasms
  2 giant cockroaches
  14 goblins
  10 hobgoblins
  9 jackals
  4 quokkas
  5 bats
  8 frilled lizards
  15 kobolds
  A rat (D:2)
101 creatures vanquished.

Notes
Turn   | Place    | Note
-------+----------+-------------------------------------------
     0 | D:1      | night the Demigod Hunter began the quest for the Orb.
     0 | D:1      | Reached XP level 1. HP: 17/17 MP: 3/3
    20 | D:1      | Reached skill level 1 in Stealth
    95 | D:1      | Reached skill level 2 in Fighting
   100 | D:1      | Reached XP level 2. HP: 24/24 MP: 4/4
   101 | D:1      | Reached skill level 2 in Dodging
   208 | D:1      | Reached skill level 4 in Ranged Weapons
   216 | D:1      | Reached XP level 3. HP: 29/29 MP: 5/5
  1273 | D:2      | Reached XP level 4. HP: 20/37 MP: 6/6
  1602 | D:3      | Noticed Jessica
  1621 | D:3      | Killed Jessica
  1622 | D:3      | Reached skill level 2 in Stealth
  1662 | D:3      | Noticed Terence
  1668 | D:3      | Killed Terence
  1807 | D:3      | Reached XP level 5. HP: 38/42 MP: 7/7
  1949 | D:3      | Noticed Ijyb
  1965 | D:3      | Killed Ijyb
  2287 | D:3      | Reached skill level 5 in Ranged Weapons
  2646 | D:4      | Reached XP level 6. HP: 44/51 MP: 8/8
  3203 | D:5      | Entered Level 5 of the Dungeon
  3209 | D:5      | Mangled by an ogre

Illustrated notes

Levels and vault maps discovered:
D:1:      tarquinn_simple_flora_water_c, layout_loops_ring,
          nicolae_grassy_gnolls
D:2:      layout_loops_ring, dk_vineyard_3, minmay_increasing_density
D:3:      layout_rooms, ebering_ecumenical_altar_abandoned, uniq_terence,
          uniq_ijyb, uniq_jessica
D:4:      layout_basic, mainiacjoe_overflow_small_starburst,
          mainiacjoe_overflow_boulevard, grunt_temple_overflow_cloverleaf,
          minmay_goblin_kobold_house
D:5:      layout_basic, lemuel_coloured_pillars_altar,
          minmay_temple_entry_sparse_star, uniq_sigmund

Skill      XL: |  1  2  3  4  5 |
---------------+----------------+-----
Stealth        | 1 2 |  2.8
Fighting       | 2 3 |  3.2
Dodging        | 2 3 |  3.2
Ranged Weapons | 4 5 |  5.2

Action                     |  1- 3 |  4- 6 || total
---------------------------+-------+-------++-------
   Fire: Shortbow          |   109 |   218 ||   327
    Use: Scroll            |       |     9 ||     9
 Armour: Leather armour    |    27 |    83 ||   110
  Dodge: Dodged            |    30 |   134 ||   164

Table legend: (Time is in decaauts)
 A = Elapsed time spent in this place.
 B = Non-inter-level travel time spent in this place.
 C = Inter-level travel time spent in this place.
 D = Time resting spent in this place.
 E = Time spent auto-exploring this place.
 F = Levels seen in this place.
 G = Mean time per level.
                   A        B        C        D        E       F      G
               +--------+--------+--------+--------+--------+-----+--------+
         Total |   3283 |   3255 |     28 |    373 |   2205 |   5 |  656.6 |
       Dungeon |   3283 |   3255 |     28 |    373 |   2205 |   5 |  656.6 |
               +--------+--------+--------+--------+--------+-----+--------+

Top non-repeatable levels by time:
     D:4: 1019 daAuts
     D:2: 932 daAuts
     D:1: 680 daAuts
     D:3: 644 daAuts
     D:5: 6 daAuts
